 Dungeon Crawl Stone Soup version 0.21-a0-509-gecc5317 (webtiles) character file.

358 torrenera the Chopper (level 6, -3/47 HPs)
             Began as a Demonspawn Fighter on Nov 29, 2017.
             Slain by an orc warrior
             ... wielding a +0 flail
              (17 damage)
             ... on level 4 of the Dungeon.
             The game lasted 00:05:25 (2660 turns).

torrenera the Chopper (Demonspawn Fighter)          Turns: 2660, Time: 00:05:27

Health: -3/47      AC:  6    Str: 18    XL:     6   Next: 37%
Magic:  6/6        EV: 10    Int:  9    God:
Gold:   177        SH:  4    Dex: 13    Spells: 5/5 levels left

rFire    + . .     SeeInvis .   a - +0 war axe
rCold    x . .     Gourm    .   (no shield)
rNeg     + . .     Faith    .   u - +0 ring mail (curse)
rPois    .         Spirit   .   (no helmet)
rElec    .         Reflect  .   (no cloak)
rCorr    .         Harm     .   p - +0 pair of gloves
MR       .....                  (no boots)
Stlth    +.........             (no amulet)
HPRegen  0.15/turn              r - ring of fire
MPRegen  0.10/turn              w - ring of positive energy

@: lethally poisoned (-3 -> -7)
A: large bone plates 1, powered by death 2, powered by pain 1
a: no special abilities


You were on level 4 of the Dungeon.
You were not hungry.

You visited 1 branch of the dungeon, and saw 4 of its levels.

You collected 177 gold pieces.

Inventory:

Hand Weapons
 a - a +0 war axe (weapon)
 b - a +2 dagger of venom
Missiles
 e - 144 stones (quivered)
 j - 19 sling bullets
 q - 12 poisoned needles
Armour
 c - a +0 shield
 p - a +0 pair of gloves (worn)
 u - a cursed +0 ring mail (worn)
Jewellery
 r - a ring of fire (left hand)
 w - a ring of positive energy (right hand)
Wands
 v - a wand of iceblast (6)
Scrolls
 g - a scroll of enchant weapon {unknown}
 i - a scroll of teleportation {unknown}
 k - 3 scrolls of immolation {unknown}
 l - 2 scrolls of enchant armour {unknown}
 m - 5 scrolls of remove curse {unknown}
 o - a scroll of identify {unknown}
 s - a scroll of amnesia {unknown}
Potions
 d - a potion of might
Comestibles
 f - 2 bread rations
 h - 3 meat rations
 n - 2 royal jellies
 t - a chunk of flesh


   Skills:
 - Level 3.0 Fighting
 + Level 6.2 Axes
 - Level 2.6 Armour
 - Level 2.6 Shields


You had 5 spell levels left.
You didn't know any spells.

Dungeon Overview and Level Annotations

Branches:
Dungeon (4/15)
 Temple: D:4-7

Altars:
Sif Muna


Innate Abilities, Weirdness & Mutations

You are partially covered in large bone plates. (SH +4)
You regenerate health from kills.
You sometimes gain a little power by taking damage.


Message History

There are monsters nearby!
A worker ant comes into view.
The worker ant twitches its antennae in your direction.
The orc warrior barely misses you.
A phantom comes into view.
There is an open door here.
You barely miss the phantom. You slash the worker ant!
You slash the orc warrior! The worker ant bites you.
You are poisoned.
The worker ant poisons you! The phantom completely misses you.
The orc warrior hits you with a flail! The worker ant bites you.
The orc wizard hits you but does no damage.
You closely miss the phantom. You closely miss the worker ant.
You barely miss the orc warrior.
You hit the orc wizard but do no damage.
You feel sick. The phantom hits you.
The phantom blinks!
The worker ant bites you.
* * * LOW HITPOINT WARNING * * *
The orc warrior hits you with a flail!
You die...

### ####
#.###..######
#...#o.'....#
#...@o.#..$.#
#..ยง#a.#
oo.# #...#..#
.(# #<..#..#
.# #..##..# #
#W.##..#
.......#
........#
.........#


You could see a phantom, an orc warrior, a worker ant and an orc wizard.

Vanquished Creatures
  Grinder (D:3)
  2 orc wizards (D:3)
  3 adders
  An ooze (D:2)
  2 worms
  A dart slug (D:1)
  A leopard gecko (D:1)
  6 orcs (D:3)
  A giant cockroach (D:2)
  6 goblins
  5 hobgoblins
  A quokka (D:2)
  2 ball pythons
  6 bats
  4 frilled lizards
  4 kobolds
  7 rats
53 creatures vanquished.

Notes
Turn   | Place    | Note
-------+----------+-------------------------------------------
     0 | D:1      | torrenera the Demonspawn Fighter began the quest for the Orb.
     0 | D:1      | Reached XP level 1. HP: 18/18 MP: 1/1
    27 | D:1      | Reached skill level 2 in Axes
   185 | D:1      | Gained mutation: You regenerate a little health from kills. [demonic ancestry]
   185 | D:1      | Reached XP level 2. HP: 23/24 MP: 2/2
   633 | D:1      | Reached skill level 3 in Axes
   650 | D:2      | Gained mutation: You sometimes gain a little power by taking damage. [demonic ancestry]
   650 | D:2      | Reached XP level 3. HP: 18/29 MP: 3/3
   871 | D:2      | Found a deep blue altar of Sif Muna.
  1235 | D:2      | HP: 1/29 [poisoned by an adder]
  1673 | D:3      | Reached skill level 4 in Axes
  1673 | D:3      | Gained mutation: You are partially covered in large bone plates. (SH +4) [demonic ancestry]
  1673 | D:3      | Reached XP level 4. HP: 35/35 MP: 4/4
  1731 | D:3      | Gained mutation: You regenerate health from kills. [demonic ancestry]
  1731 | D:3      | Reached XP level 5. HP: 16/41 MP: 5/5
  2165 | D:3      | Noticed Grinder
  2191 | D:3      | Killed Grinder
  2191 | D:3      | Reached skill level 6 in Axes
  2191 | D:3      | Reached XP level 6. HP: 32/47 MP: 6/6
  2653 | D:4      | Noticed an orc warrior
  2660 | D:4      | Slain by an orc warrior

Vault maps used:
D:1:      minmay_arrival_up_and_down
D:2:      minmay_misc_feat_four_crosses, lemuel_blue_sif_altar
D:3:      first_bread, uniq_grinder
D:4:      serial_shops, nicolae_shop_waterfront

Skill      XL: |  1  2  3  4  5 |
---------------+----------------+-----
Axes           | 2 3 4 6 |  6.2
Fighting       | |  3.0
Armour         | |  2.6
Shields        | |  2.6

Action                   |  1- 3 |  4- 6 || total
-------------------------+-------+-------++-------
Melee: War axe           |   133 |    41 ||   174
  Use: Potion            |     3 |     1 ||     4
  Eat: Chunk             |     3 |     3 ||     6
Armor: Scale mail        |    47 |       ||    47
       Ring mail         |       |    23 ||    23
Dodge: Dodged            |    48 |    23 ||    71
Block: Shield            |    58 |    25 ||    83
       Other             |       |     4 ||     4

Table legend:
 A = Spawn XP
 B = Non-spawn XP
 C = Spawn XP percentage of total XP
 D = Spawn monster count
 E = Non-spawn monster count
 F = Spawn count percentage of total count
 G = Total turns spent on level
                    A         B        C        D         E        F      G
               +---------+---------+-------+---------+---------+-------+---------
         Total |       0 |     512 |   0.0 |       0 |      53 |   0.0 |  2660
               +---------+---------+-------+---------+---------+-------+---------
           D:1 |       0 |      38 |   0.0 |       0 |      18 |   0.0 |   635
           D:2 |       0 |      49 |   0.0 |       0 |      18 |   0.0 |   908
           D:3 |       0 |     425 |   0.0 |       0 |      17 |   0.0 |  1095
               +---------+---------+-------+---------+---------+-------+---------
